red, chaotic female vampiric Wizard -------- |......| ################ |....^.| ----- # ------------# |......| |...|### ...........|# |.......############# ---------------- |<..|# ## |..........|# ----+--- % #...............| |.`.|# |....(.....|# ## ###|..............| |...|## |..........|) # % #...............| -.-.-# |..........-## ### ### |..............| ### # |..........|:e # # ---------------- ### # ------------*@S########### ### ### ### # # -------.----.--- # -.-|-% ###|.)...%........| ### |...|# #...............| # |...|# |...............## |.>..# |..`...........| ----- ---------------- red the Conjurer Experience level: 5 Strength: 13 Dexterity: 15 Constitution: 12 Intelligence: 18 Wisdom: 9 Charisma: 11 Health: 0(41) Energy: 54(54) AC: 4 Gold: 212 Moves: 1688 Your Inventory: Coins $ - 212 gold pieces Weapons a - a blessed +1 quarterstaff (weapon in hands) u - an [uncursed +0] curved sword [scimitar] A - 6 [cursed +0] darts [of frost] Armor b - a blessed +1 cloak of magic resistance (being worn) Scrolls h - an uncursed scroll of create monster i - an uncursed scroll of light z - an [uncursed] scroll labeled GHOTI [of scare monster] Spellbooks k - a blessed spellbook of force bolt l - an uncursed spellbook of remove curse t - an [uncursed] spellbook of light Potions f - 2 uncursed potions of water g - 2 uncursed potions of confusion Rings d - an uncursed ring of slow digestion (on right hand) e - an uncursed ring of poison resistance n - an [uncursed] ring of levitation p - a [blessed] +4 ring of protection (on left hand) Wands c - an uncursed wand of cold (0:8) o - an [uncursed] wand of speed monster [0:2] Tools m - an uncursed blindfold v - an [uncursed tallow] candle Gems r - an [uncursed] orange gem [agate] s - an [uncursed] white gem [worthless glass] Spells known in the end: Name Level Category Fail Memory a - force bolt 1 attack 0% [||||||||] b - remove curse 3 clerical 85% [||||||||] c - light 1 divination 0% [||||||||] Your skills at the end: Fighting Skills Weapon Skills quarterstaff [Basic / Expert] Spellcasting Skills attack spells [Basic / Expert] enchantment spells [Basic / Skilled] Final Attributes: You had sinned. Hunger level was 968. Your alignment was -5 / 18. Monster difficulty range was 0 - 4. Level difficulty was 3. You were immune to level-drain. You were magic-protected. You could fly. You could survive without air. You had slower digestion. You regenerated. You were protected. Your luck was zero. You are dead. Vanquished creatures: a small mimic a little dog 2 kittens a homunculus a wererat an iguana 2 large kobolds 2 hobgoblins 2 giant rats a cave spider a red mold 2 gnomes a gecko 3 jackals 2 goblins 4 sewer rats a grid bug 3 lichens a kobold zombie 4 newts 36 creatures vanquished. Voluntary challenges: You were an atheist. You used a wielded weapon 34 times. You read items or engraved 4 times. You put on armor 1 time. You never genocided any monsters. You never polymorphed an object. You never changed form. You used no wishes. You wrote Elbereth's name 1 time. You never encountered a bones level. You never used any Sokoban shortcuts. Dungeon overview: The Dungeons of Doom: levels 1 to 3 Level 1 a long staircase Level 2 a general store Level 3 <- You were here History has recorded: On T:1 you entered the Dungeons of Doom to retrieve the Amulet of Yendor! On T:432 you advanced to experience level 2. On T:457 you reached level 2 of The Dungeons of Doom. On T:526 you advanced to experience level 3. On T:711 you advanced to experience level 4. On T:1084 you advanced to experience level 5. On T:1107 you reached level 3 of The Dungeons of Doom. Latest messages: The iguana bites! [HP-3=13] The garter snake bites! (2x) The iguana bites! [HP-2=11] [HP+1=12] The garter snake just misses! The iguana bites! [HP-2=10] The garter snake just misses! [HP+1=11] The iguana bites! [HP-2=9] The garter snake bites! [HP-1=8] The garter snake bites! The iguana bites! [HP-5=3] [HP+1=4] The garter snake bites! The iguana bites! You die... Final status: Goodbye red the Wizard... You died in The Dungeons of Doom on dungeon level 3 with 971 points, and 212 pieces of gold, after 1688 moves. You were level 5 with a maximum of 41 hit points when you died.